 Dungeon Crawl Stone Soup version 0.25-a0-178-gc9f82b1288 (webtiles) character file.

Game seed: 1752787500594924877, levelgen mode: deterministic

151 night the Magician (level 5, -6/28 HPs)
             Began as a Deep Elf Ice Elementalist on Nov 21, 2019.
             Killed from afar by an orc (11 damage)
             ... with an iceblast
             ... on level 2 of the Dungeon on Nov 26, 2019.
             The game lasted 00:07:53 (2564 turns).

night the Magician (Deep Elf Ice Elementalist)      Turns: 2564, Time: 00:07:54

Health: -6/28      AC:  5    Str:  5    XL:     5   Next: 10%
Magic:  2/14       EV: 13    Int: 21    God:
Gold:   127        SH:  0    Dex: 15    Spells: 4/14 levels left

rFire    + . .     SeeInvis .   (no weapon)
rCold    . . .     Gourm    .   (no shield)
rNeg     . . .     Faith    .   a - +0 robe
rPois    .         Spirit   .   (no helmet)
rElec    .         Reflect  .   (no cloak)
rCorr    .         Harm     .   f - +2 pair of gloves
MR       .....     Rnd*Tele +   (no boots)
Stlth    ++........             (no amulet)
HPRegen  0.09/turn              h - ring of protection from fire
MPRegen  0.14/turn              t - ring of teleportation (curse)

@: very slightly contaminated
A: no striking features
a: no special abilities


You were on level 2 of the Dungeon.
You were hungry.

You visited 1 branch of the dungeon, and saw 3 of its levels.

You collected 127 gold pieces.

Inventory:

Hand Weapons
 i - a +0 hand crossbow
 r - a +0 longbow
 s - a +0 mace
Missiles
 b - 43 bolts
 e - 13 poisoned darts (quivered)
 g - 31 arrows
Armour
 a - a +0 robe (worn)
 f - a +2 pair of gloves (worn)
Jewellery
 h - a ring of protection from fire (left hand)
 t - a cursed ring of teleportation (right hand)
Wands
 q - a wand of random effects (14)
Scrolls
 j - 2 scrolls of blinking
 m - 2 scrolls of enchant armour
Potions
 d - a potion of cancellation {unknown}
 k - a potion of agility {unknown}
 l - 2 potions of heal wounds {unknown}
 o - a potion of curing {unknown}
Comestibles
 c - 6 rations


   Skills:
 - Level 2.5 Dodging
 - Level 2.5 Stealth
 + Level 5.3 Spellcasting
 - Level 1.1 Conjurations
 + Level 5.1 Ice Magic


You had 4 spell levels left.
You knew the following spells:

 Your Spells              Type           Power        Failure   Level  Hunger
a - Freeze                Ice            ####         1%          1    None
b - Throw Frost           Conj/Ice       ###...       4%          2    None
c - Ozocubu's Armour      Chrm/Ice       ###.....     11%         3    ##.....
d - Summon Ice Beast      Ice/Summ       ###.....     36%         4    ####...

Your spell library contained the following spells:

 Spells                   Type           Power        Failure   Level  Hunger
 Throw Icicle             Conj/Ice       ###.....     28%         4    ####...


Dungeon Overview and Level Annotations

Branches:
Dungeon (3/15)

Altars:
Yredelemnul


Message History

[Y]es or [N]o only, please.
Really attack unarmed?
Okay, then.
The bat hits you but does no damage.
The frilled lizard completely misses you.
Your ice beast hits the frilled lizard.
The frilled lizard dies!
All of the chunks of flesh in your inventory have rotted away.
You climb upwards.
There is a stone staircase leading down here.
The orc complains loudly.
The orc hits you with a +0 flail. The orc completely misses you.
The orc hits you but does no damage.
The orc zaps a wand.
The mass of ice explodes!
The iceblast engulfs the orc!
The orc dies!
The iceblast engulfs you!
Ouch! That really hurt!
* * * LOW HITPOINT WARNING * * *
The orc zaps a wand.
The mass of ice explodes!
The iceblast engulfs you!
You die...

..............)..#
.................#
#####............#
#............###########
#......................#
############...........#
########## #...........#
.........# #...........#
.........# #@..........#
.........# #...........#
.........# #)..........######
.........# ####...........'.....
.........####...o..........######
............#..............# #
............'..>."..#.....## #
.#####+#....#...###.#...#.# # .##
#.......#...# #.#####.# #


You could see an orc.

Vanquished Creatures
  Terence (D:3)
  7 adders
  An ooze (D:1)
  2 worms
  3 dart slugs
  An orc (D:3)
  A giant cockroach (D:3)
  3 goblins
  4 hobgoblins
  2 jackals (D:3)
  2 kobolds
  2 quokkas
  2 ball pythons
  7 bats
  5 frilled lizards
  3 rats
46 creatures vanquished.

Vanquished Creatures (collateral kills)
  2 orcs (D:3)
  A goblin (D:3)
  A hobgoblin (D:3)
  A quokka (D:3)
  A frilled lizard (D:3)
  A rat (D:3)
7 creatures vanquished.

Vanquished Creatures (others)
  An orc (D:2)
1 creature vanquished.

Grand Total: 54 creatures vanquished

Notes
Turn   | Place    | Note
-------+----------+-------------------------------------------
     0 | D:1      | night the Deep Elf Ice Elementalist began the quest for the
                  | Orb.
     0 | D:1      | Reached XP level 1. HP: 10/10 MP: 6/6
     0 | D:1      | Upgraded the game from 0.25-a0-161-gb7fd73da8f to
                  | 0.25-a0-178-gc9f82b1288
   366 | D:1      | Reached XP level 2. HP: 14/15 MP: 6/8
   642 | D:1      | Learned a level 2 spell: Throw Frost
  1083 | D:2      | Reached XP level 3. HP: 16/19 MP: 2/10
  1165 | D:2      | Learned a level 3 spell: Ozocubu's Armour
  1424 | D:2      | Reached XP level 4. HP: 23/24 MP: 3/12
  2107 | D:3      | Noticed Terence
  2133 | D:3      | Killed Terence
  2133 | D:3      | Reached skill level 5 in Spellcasting
  2279 | D:3      | Reached skill level 5 in Ice Magic
  2365 | D:3      | Learned a level 4 spell: Summon Ice Beast
  2396 | D:3      | Reached XP level 5. HP: 23/28 MP: 1/14
  2536 | D:3      | Found a basalt altar of Yredelemnul.
  2564 | D:2      | Killed from afar by an orc

Levels and vault maps discovered:
D:1:      minmay_arrival_semitransparent, layout_loops_cross
D:2:      layout_basic
D:3:      layout_rooms, marbit_many_paths, yredelemnul_altar_generic,
          uniq_terence

Skill      XL: |  1  2  3  4 |
---------------+-------------+-----
Ice Magic      | 4 5 |  5.1
Spellcasting   | 4 5 |  5.3
Dodging        | |  2.5
Stealth        | |  2.5
Conjurations   | |  1.1

Action                   |  1- 3 |  4- 6 || total
-------------------------+-------+-------++-------
Melee: Unarmed           |     6 |       ||     6
 Fire: Hand crossbow     |       |     1 ||     1
 Cast: Freeze            |    37 |    23 ||    60
       Throw Frost       |    12 |    19 ||    31
       Ozocubu's Armour  |     1 |       ||     1
       Summon Ice Beast  |       |     1 ||     1
  Use: Scroll            |     4 |     2 ||     6
  Eat: Chunk             |     2 |     3 ||     5
Armor: Robe              |    11 |    19 ||    30
Dodge: Dodged            |    19 |    40 ||    59

Table legend:
 A = Non-vault XP
 B = Vault XP
 C = Vault XP percentage of total XP
 D = Non-vault monster count
 E = Vault monster count
 F = Vault count percentage of total count
                 A         B        C        D         E       F
            +---------+---------+-------+---------+---------+-------
      Total |     180 |      36 |  16.7 |      52 |       1 |   1.9
            +---------+---------+-------+---------+---------+-------
        D:1 |      31 |       0 |   0.0 |      14 |       0 |   0.0
        D:2 |      91 |       0 |   0.0 |      19 |       0 |   0.0
        D:3 |      58 |      36 |  38.3 |      19 |       1 |   5.0
            +---------+---------+-------+---------+---------+-------
